 Dungeon Crawl Stone Soup version 0.30.0-5-g1a98f26d00 (webtiles) character file.

Game seed: 824266176386727656

54875 RascalDebosk the Fighter (level 15, -8/124 HPs)
             Began as a Djinni Conjurer on May 8, 2023.
             Was a Priest of Ashenzari.
             Mangled by a cane toad (16 damage)
             ... on level 5 of the Lair of Beasts on May 9, 2023.
             The game lasted 02:46:17 (20861 turns).

RascalDebosk the Fighter (Djinni Conjurer)         Turns: 20861, Time: 02:46:17

Health: -8/124     AC: 15    Str:  6    XL:     15   Next: 15%
Gold:   1181       EV: 11    Int: 33    God:    Ashenzari [***...] SH: 18 Dex: 21

rFire   + . .        N - +7 rapier "Liepiech" {protect, +Blink rElec rF- Dex+3}
rCold   . . .        M - +0 kite shield
rNeg    + . .        A - +3 leather armour "Omen of Ashenzari" {Will+, Fort, Evo} (curse)
rPois   ∞            n - +2 helmet "Celestial Negation" {SInv, Melee, Evo} (curse)
rElec   +            e - +2 cloak of Ashenzari's Yoke {Cun, Self} (curse)
rCorr   .            G - +0 pair of gloves
SInv    +            (boots unavailable)
Will    ++...        j - amulet of reflection
Stlth   ++           V - +6 ring of intelligence
HPRegen 0.40/turn    a - ring of Desmomancy {rC+ rN+ Dex+6, Fort, Self} (curse)
MPRegen 0.00/turn

%: reflection, clarity, infuse magic (-9 HP)
@: flying, slowed, very slow
A: sickness immunity, fire resistance 2, cold vulnerability 1, float, innate
caster, HP casting, extra vitality 1
a: Renounce Religion, Evoke Blink, Curse Item, Shatter the Chains


You were on level 5 of the Lair of Beasts.
You worshipped Ashenzari.
Ashenzari was most pleased with you.
You visited 3 branches of the dungeon, and saw 18 of its levels.
You also visited: Ossuary.

You collected 1424 gold pieces.
You spent 243 gold pieces at shops.

Inventory:

Hand Weapons
 N - the +7 rapier "Liepiech" (weapon) {protect, +Blink rElec rF- Dex+3}
   (You found it on level 9 of the Dungeon)

   Dex:       It affects your dexterity (+3).
   rF:        It makes you vulnerable to fire.
   rElec:     It insulates you from electricity.
   +Blink:    It lets you blink.
Missiles
 h - a throwing net {@!f}
Armour
 e - the cursed +2 cloak of Ashenzari's Yoke (worn) {Cun, Self}
   (You found it on level 1 of the Dungeon)

   It has a curse which improves the following skills: Cunning: Dodging and
   Stealth.
   Introspection: Fighting and Spellcasting.
 n - the cursed +2 helmet "Celestial Negation" (worn) {SInv, Melee, Evo}
   (You took it off Robin on level 2 of the Dungeon)

   It has a curse which improves the following skills: Melee Combat: Short
   Blades, Long Blades, Axes, Maces & Flails, Polearms, Staves and Unarmed
   Combat.
   Evocations: Evocations.
 A - the cursed +3 leather armour "Omen of Ashenzari" (worn) {Will+, Fort, Evo}
   (You took it off an orc on level 5 of the Dungeon)

   It has a curse which improves the following skills: Fortitude: Armour and
   Shields.
   Evocations: Evocations.
 G - a +0 pair of gloves (worn)
 M - a +0 kite shield (worn)
Jewellery
 a - the cursed ring of Desmomancy (right hand) {rC+ rN+ Dex+6, Fort, Self}
   (You acquired it on level 10 of the Dungeon)

   [ring of dexterity]

   Dex:       It affects your dexterity (+6).
   rC:        It protects you from cold.
   rN:        It protects you from negative energy.
   It has a curse which improves the following skills: Fortitude: Armour and
   Shields.
   Introspection: Fighting and Spellcasting.
 j - an amulet of reflection (around neck)
 q - the amulet "Tioh" {Acrobat Harm rElec Int+3}
   (You found it on level 11 of the Dungeon)

   [amulet of the acrobat]

   It increases your evasion while moving and waiting.
   Int:       It affects your intelligence (+3).
   rElec:     It insulates you from electricity.
   Harm:      It increases damage dealt and taken.
 C - a +4 ring of protection
 E - a ring of protection from fire
 R - a ring of ice
 S - a ring of protection from fire
 V - a +6 ring of intelligence (left hand)
 Y - a ring of the Octopus King {Wiz HP+2 AC+2 EV+2 SH+2}
   (You found it on level 5 of the Lair of Beasts)

   [ring of wizardry]

   It improves your spell success rate.
   AC:        It affects your AC (+2).
   EV:        It affects your evasion (+2).
   HP:        It affects your health (+2).
   SH:        It affects your SH (+2).
Wands
 l - a wand of quicksilver (9)
 o - a wand of polymorph (15)
 J - a wand of mindburst (21)
 K - a wand of digging (10)
 Q - a wand of roots (9)
Scrolls
 c - 5 scrolls of noise
 d - 2 scrolls of torment
 f - 2 scrolls of fog
 g - 3 scrolls of blinking
 k - 5 scrolls of magic mapping
 p - 3 scrolls of butterflies
 r - 4 scrolls of silence
 t - 11 scrolls of teleportation
 w - a scroll of enchant weapon
 y - 4 scrolls of poison
 L - 4 scrolls of vulnerability
 O - a scroll of immolation
 P - a scroll of brand weapon
 U - 2 scrolls of fear
 W - a scroll of amnesia
Potions
 b - 2 potions of invisibility
 i - 4 potions of haste
 m - 4 potions of mutation
 s - 4 potions of attraction
 u - 11 potions of curing
 v - 2 potions of brilliance
 x - 4 potions of heal wounds
 z - a potion of berserk rage
 D - 4 potions of lignification
 H - 5 potions of cancellation
 I - 3 potions of resistance
 T - a potion of ambrosia
 X - a potion of magic
Miscellaneous
 B - a box of beasts
 F - a phial of floods


   Skills:
 * Level 14.9(17.0) Fighting
 + Level 7.0(8.5) Short Blades
 - Level 6.2(8.4) Armour
 - Level 2.1(3.3) Dodging
 - Level 1.5(2.6) Stealth
 + Level 8.5(10.7) Shields
 * Level 12.1(14.3) Spellcasting
 - Level 6.2(8.5) Evocations


You knew the following spells:

 Your Spells              Type           Power      Damage    Failure   Level
a - Magic Dart            Conj           100%       1d8       1%          1
b - Searing Ray           Conj           100%       2d8       1%          2
c - Dazzling Flash        Conj/Hex       100%       N/A       1%          3
d - Fulminant Prism       Conj/Hex       43%        3d19      1%          4
e - Iskenderun's Mystic   Conj/Tloc      87%        2d17      1%          4
f - Freeze                Ice            100%       1d10      1%          1
g - Call Imp              Summ           100%       N/A       1%          2
h - Frozen Ramparts       Ice            100%       1d16      1%          3
i - Confusing Touch       Hex            87%        N/A       1%          3
j - Freezing Cloud        Conj/Ice/Air   43%        6-21      1%          5
k - Borgnjor's Vile Clut  Necr/Erth      43%        N/A       1%          5
l - Conjure Ball Lightni  Conj/Air       43%        3x3d15    4%          6
Your spell library was empty.

Dungeon Overview and Level Annotations

Branches:
Dungeon (12/15)            Temple (1/1) D:7            Lair (5/5) D:8
 Shoals (0/4) Lair:2       Spider (0/4) Lair:3        Slime (0/5) Lair:4
    Orc (0/2) D:10        Ossuary (visited)

Altars:
Ashenzari
Cheibriados
Dithmenos
Elyvilon
Fedhas
Gozag
Hepliaklqana
Makhleb
Nemelex Xobeh
Okawaru
Qazlal
Ru
Trog
Uskayaw
Wu Jian
Xom
Yredelemnul
Zin
The Shining One
Jiyva

Shops:
D:12 [

Annotations:
D:3 2 transporters


Innate Abilities, Weirdness & Mutations

You are immune to sickness and miasma.
You are immune to poison.
Your flesh is very heat resistant. (rF++)
You are vulnerable to cold. (rC-)
You float through the air rather than walking.
You learn spells naturally, not from books.
Your magical power is your life essence.
You have superior vitality. (+4 MHP)


Message History

Found a scroll of amnesia, 27 gold pieces and a potion of cancellation.
Found a +1 chain mail of willpower, 57 gold pieces and a +0 chain mail.
You see here a potion of invisibility.
b - 2 potions of invisibility (gained 1)
You see here a scroll of amnesia.
W - a scroll of amnesia You see here 27 gold pieces.
You now have 1146 gold pieces (gained 27).
You see here a +1 chain mail of willpower.
Casting: Freezing Cloud (mildly dangerous; 1% risk of failure)
Confirm with . or Enter, or press ? or * to list all spells.
You erupt in a blast of force!
The mystic blast hits the polar bear!
The polar bear is moderately wounded.
The polar bear is knocked back by the mystic blast.
* * * LOW HITPOINT WARNING * * *
You hear a bleat! x2
Casting: Iskenderun's Mystic Blast (safe; 1% risk of failure)
Confirm with . or Enter, or press ? or * to list all spells.
Aiming: Borgnjor's Vile Clutch (mildly dangerous; 1% risk of failure)
Press: ? - help, Shift-Dir - straight line, f - polar bear
Aim: a polar bear (moderately wounded, 100% to hit)
Zombie hands grab the polar bear.
* * * LOW HITPOINT WARNING * * *
The zombie hands constrict the polar bear!
The polar bear struggles to escape constriction.
A dream sheep comes into view.
The zombie hands constrict the polar bear.
The dream sheep bleats!
You hear a loud, deep croak!
The polar bear struggles to escape constriction.
You see here 22 gold pieces.
A dream sheep comes into view.
The zombie hands constrict the polar bear!!
The dream sheep bleats!
The polar bear struggles to escape constriction.
You see here a +0 chain mail.
The zombie hands constrict the polar bear.
The polar bear escapes!
You see here 35 gold pieces.
You now have 1181 gold pieces (gained 35).
The polar bear goes berserk!
You block the polar bear's attack.
The polar bear claws you but does no damage.
The polar bear claws you.
* * * LOW HITPOINT WARNING * * *
You see here a potion of cancellation.
Casting: Borgnjor's Vile Clutch (mildly dangerous; 1% risk of failure)
Confirm with . or Enter, or press ? or * to list all spells.
You erupt in a blast of force!
The mystic blast hits the polar bear!
You kill the polar bear!
* * * LOW HITPOINT WARNING * * *
You see here a potion of magic.
You see here a ring of the Octopus King {Wiz HP+2 AC+2 EV+2 SH+2}.
Casting: Iskenderun's Mystic Blast (safe; 1% risk of failure)
Confirm with . or Enter, or press ? or * to list all spells.
Aiming: Fulminant Prism (safe; 1% risk of failure)
Press: ? - help, Dir - move target You conjure a prism of explosive energy!
* * * LOW HITPOINT WARNING * * *
A fulminant prism comes into view.
Casting: Fulminant Prism (safe; 1% risk of failure)
Confirm with . or Enter, or press ? or * to list all spells.
You erupt in a blast of force!
The mystic blast hits the plant!
The plant begins to die.
The plant is lightly damaged.
The mystic blast hits the dream sheep!!
The dream sheep is almost dead.
The dream sheep is knocked back by the mystic blast.
The dream sheep collides with the dream sheep!
The dream sheep is heavily wounded.
The dream sheep is almost dead.
* * * LOW HITPOINT WARNING * * *
You hear a croak.
Your fulminant prism crackles loudly.
A torpor snail comes into view.
Your fulminant prism explodes!
The blast of energy engulfs the dream sheep!!!
You kill the dream sheep!
The blast of energy engulfs the dream sheep!!
You kill the dream sheep!
You hear a bellow!
Your base Short Blades skill increases to level 7!
A nearby plant withers and dies.
A cane toad comes into view.
The cane toad moves out of view.
Things that are here:
a potion of magic; a dream sheep corpse You see here a ring of the Octopus King {Wiz HP+2 AC+2 EV+2 SH+2}.
Being near the torpor snail leaves you feeling lethargic.
Things that are here:
a potion of magic; a dream sheep corpse
X - a potion of magic You block the cane toad's attack.
The cane toad stings you!
* * * LOW HITPOINT WARNING * * *
You see here a ring of the Octopus King {Wiz HP+2 AC+2 EV+2 SH+2}.
Y - a ring of the Octopus King {Wiz HP+2 AC+2 EV+2 SH+2} The cane toad stings you.
* * * LOW HITPOINT WARNING * * *
The cane toad stings you!
You die...

....~~#.~#~~P~#~~~~~~ ~
.....~.~~~.~~~~~.~~~~ ~
....~~~~~~~P~~~.P~~~. ~ ~ ~
~ .....##~#.###~##~~..# * *
* ....~##~~~~8#⌠~~~#.#~ * ~
, .....P~~~~#~#~~.#.~, ~
....~~.~~~~.#~~~~~ ~ *~
....~#~~#~~~#~8######8 ##~~
.....##~#~~~~~~~@F!~##.~~.~
.....~~~~~8~~~~~)≈≈[.~~~# ~
~
..†.~†~~~~8~~~~~~≈≈$#~.~~~~~
.....##~#~~~~~~~w~~[#...#~P
.....#~~#~#~#.8#~#### ~#.. ,
....~~~~#~~.#~~~~~~~~ ~#~~~
..[.~P~~~~#~#~~~~P~~~~ # ~
....†##~†~~.#⌠~~~~~~~~⌠
....~##.#######~###### * *


You could see a torpor snail and a cane toad.

Vanquished Creatures
  Fannar (Lair:2)
  Erolcha (D:9)
  2 catoblepae (Lair:4)
  A hydra (Lair:5)
  3 boulder beetles (Lair:1)
  A merfolk avatar (Lair:5)
  3 two-headed ogres (D:9)
  Nergalle (Lair:1)
  Sonja (Lair:2)
  Amaemon (Lair:1)
  The ghost of Seidenschwarz the Thaumaturge, a novice DECj of Vehumet (D:11)
  A skyshark (Lair:5)
  4 harpies (Lair:2)
  3 lindwurms
  2 deep elf pyromancers
  A wolf spider (Lair:1)
  2 cyclopes (D:12)
  3 manticores
  15 elephants
  A torpor snail (Lair:5)
  Maurice (D:9)
  4 black mambas
  15 cane toads
  An orange demon (Lair:1)
  2 unseen horrors
  3 rime drakes
  9 komodo dragons
  Maggie (Lair:2)
  Psyche (D:11)
  A wind drake (Lair:5)
  6 polar bears
  A troll (D:9)
  3 hornets
  2 tarantellas (Lair:1)
  17 blink frogs
  7 dream sheep
  4 jumping spiders (Lair:3)
  3 culicivoras (Lair:3)
  30 yaks
  2 wraiths
  2 shadows
  4 wyverns
  6 basilisks
  2 steam dragons
  3 redbacks
  3 vampire mosquitoes (D:11)
  Menkaure (D:7)
  An acid dragon (D:12)
  15 water moccasins
  13 orc warriors
  2 sky beasts
  2 black bears
  2 ice beasts
  6 wolves (Lair:1)
  3 centaurs
  An ogre (D:6)
  A kobold brigand (D:9)
  A phantom (D:6)
  2 gnoll sergeants
  14 bullfrogs
  3 scorpions (D:6)
  11 killer bees
  4 howler monkeys
  2 lava snakes (Lair:1)
  4 jellies
  6 hounds
  6 orc priests
  2 gnoll boudas
  4 iguanas
  9 orc wizards
  8 mummies (Ossuary)
  Robin (D:2)
  11 gnolls
  15 adders
  2 white imps
  An ufetubus (D:3)
  4 worms
  2 dart slugs
  68 orcs
  7 ball pythons
  5 endoplasms
  3 giant cockroaches
  21 goblins
  8 hobgoblins
  2 jackals (D:1)
  4 quokkas
  5 bats
  A gnoll zombie (Ossuary)
  3 hobgoblin zombies (Ossuary)
  14 kobolds
  4 kobold zombies (Ossuary)
  8 rats
493 creatures vanquished.

Vanquished Creatures (collateral kills)
  A worm (D:3)
  A ball lightning (Lair:5)
2 creatures vanquished.

Vanquished Creatures (others)
  3 ball lightnings (Lair:5)
  50 fulminant prisms
53 creatures vanquished.

Grand Total: 548 creatures vanquished

Notes
Turn   | Place    | Note
-------+----------+-------------------------------------------
     0 | D:1      | RascalDebosk the Djinni Conjurer began the quest for the
                  | Orb.
     0 | D:1      | RascalDebosk set off with the following spells memorised:
                  | Magic Dart, Searing Ray, Dazzling Flash, Fulminant Prism,
                  | Iskenderun's Mystic Blast.
     0 | D:1      | Reached XP level 1. HP: 15/15 MP: 0/0
   112 | D:1      | Reached XP level 2. HP: 20/22 MP: 0/0
   129 | D:1      | Reached skill level 1 in Fighting
   336 | D:1      | Reached XP level 3. HP: 26/27 MP: 0/0
   336 | D:1      | Learned a level 1 spell: Freeze
   918 | D:2      | Reached skill level 2 in Fighting
  1123 | D:2      | Reached XP level 4. HP: 30/33 MP: 0/0
  1327 | D:2      | Noticed Robin
  1388 | D:2      | Killed Robin
  1389 | D:2      | Reached XP level 5. HP: 22/40 MP: 0/0
  1389 | D:2      | Learned a level 2 spell: Call Imp
  1649 | D:2      | Reached skill level 3 in Fighting
  1996 | D:3      | Found a transporter.
  2096 | D:3      | Found a transporter.
  2220 | D:3      | Reached XP level 6. HP: 43/46 MP: 0/0
  2985 | D:4      | Reached skill level 4 in Fighting
  3206 | D:4      | Reached XP level 7. HP: 44/53 MP: 0/0
  3206 | D:4      | Learned a level 3 spell: Frozen Ramparts
  3459 | D:4      | Identified the +1 long sword of Ceoxzuno {vamp, Int+3}
  3583 | D:5      | Entered Level 5 of the Dungeon
  3589 | D:5      | Noticed a wyvern
  3597 | D:5      | Killed a wyvern
  3598 | D:5      | Reached skill level 5 in Fighting
  3598 | D:5      | Reached skill level 5 in Spellcasting
  4172 | D:5      | Noticed a water moccasin
  4181 | D:5      | Killed a water moccasin
  4182 | D:5      | Reached skill level 1 in Armour
  4182 | D:5      | Reached skill level 1 in Evocations
  4182 | D:5      | Reached XP level 8. HP: 47/60 MP: 0/0
  4898 | D:5      | Found an ornate altar of the Wu Jian Council.
  4899 | D:5      | Found a blossoming altar of Fedhas.
  5184 | D:6      | Reached skill level 6 in Fighting
  5448 | D:6      | Reached XP level 9. HP: 21/67 MP: 0/0
  5448 | D:6      | Learned a level 3 spell: Confusing Touch
  5766 | D:6      | Reached skill level 7 in Fighting
  6064 | D:6      | Found a sacrificial altar of Ru.
  6623 | D:7      | Found a sand-covered staircase.
  6630 | Ossuary  | Entered an ossuary
  7001 | D:7      | Noticed Menkaure
  7018 | D:7      | Killed Menkaure
  7019 | D:7      | Reached skill level 8 in Fighting
  7019 | D:7      | Reached XP level 10. HP: 51/76 MP: 0/0
  7812 | D:7      | Found a staircase to the Ecumenical Temple.
  7821 | Temple   | Entered the Ecumenical Temple
  7827 | Temple   | Became a worshipper of Ashenzari the Shackled
  8309 | D:8      | Found a staircase to the Lair.
  8405 | D:8      | Reached skill level 9 in Fighting
  8832 | D:9      | Noticed a two-headed ogre
  8842 | D:9      | Killed a two-headed ogre
  8843 | D:9      | Reached skill level 5 in Armour
  8843 | D:9      | Reached skill level 1 in Shields
  8843 | D:9      | Reached skill level 5 in Evocations
  9088 | D:9      | Noticed Erolcha
  9098 | D:9      | Killed Erolcha
  9099 | D:9      | Reached XP level 11. HP: 61/84 MP: 0/0
  9099 | D:9      | Learned a level 5 spell: Freezing Cloud
  9484 | D:9      | Identified the +7 rapier "Liepiech" {protect, +Blink rElec
                  | rF- Dex+3}
  9517 | D:9      | Found a white marble altar of Elyvilon.
  9609 | D:9      | Noticed a two-headed ogre
  9620 | D:9      | Noticed a two-headed ogre
  9623 | D:9      | Killed a two-headed ogre
  9624 | D:9      | Reached skill level 10 in Fighting
  9627 | D:9      | Killed a two-headed ogre
  9699 | D:9      | Noticed a manticore
  9737 | D:9      | Noticed a deep elf pyromancer
  9845 | D:9      | Killed a deep elf pyromancer
  9889 | D:9      | Killed a manticore
 10511 | D:9      | Noticed Maurice
 10527 | D:9      | Killed Maurice
 10776 | D:10     | Entered Level 10 of the Dungeon
 10795 | D:10     | Found a staircase to the Orcish Mines.
 11095 | D:10     | Reached * piety under Ashenzari
 11095 | D:10     | Identified a scroll of acquirement
 11101 | D:10     | Acquired the ring of Awe {rC+ rN+ Dex+6}
 11181 | D:10     | Found a glowing golden altar of the Shining One.
 11220 | D:10     | Found an opulent altar of Gozag.
 11346 | D:10     | Reached skill level 1 in Short Blades
 11732 | D:11     | Reached ** piety under Ashenzari
 11795 | D:11     | Noticed a manticore
 11800 | D:11     | Killed a manticore
 12067 | D:11     | Noticed Psyche
 12073 | D:11     | Killed Psyche
 12074 | D:11     | Reached XP level 12. HP: 82/95 MP: 0/0
 12228 | D:11     | Found a large runed translucent door.
 12229 | D:11     | Found a large runed translucent door.
 12232 | D:11     | Noticed Seidenschwarz's ghost (novice DECj)
 12232 | D:11     | Identified the amulet "Tioh" {Acrobat Harm rElec Int+3}
 12503 | D:11     | Killed Seidenschwarz's ghost
 12504 | D:11     | Reached skill level 11 in Fighting
 13407 | D:12     | Found Irchetia's Antique Armour Emporium.
 13412 | D:12     | Bought a faintly glowing scale mail for 243 gold pieces
 13412 | D:12     | Identified the +2 scale mail of the Wary Teaching Yaks
                  | {Str+6} (You bought it in a shop on level 12 of the
                  | Dungeon)
 13803 | D:12     | Reached skill level 5 in Shields
 14028 | Lair:1   | Entered Level 1 of the Lair of Beasts
 14072 | Lair:1   | Found a runed translucent door.
 14075 | Lair:1   | Identified the +0 hat of Zuett {*Corrode +Inv Str+3}
 14081 | Lair:1   | Identified the +0 whip of Collusion {drain, rElec Will-
                  | Str-2 Stlth+}
 14177 | Lair:1   | Found a runed translucent gate.
 14177 | Lair:1   | Found a runed translucent gate.
 14177 | Lair:1   | Found a runed translucent gate.
 14177 | Lair:1   | Found a runed translucent gate.
 14177 | Lair:1   | Noticed a boulder beetle
 14178 | Lair:1   | Found a runed translucent gate.
 14178 | Lair:1   | Noticed a boulder beetle
 14180 | Lair:1   | Found a runed translucent gate.
 14242 | Lair:1   | Noticed Nergalle
 14249 | Lair:1   | Killed Nergalle
 14250 | Lair:1   | Reached skill level 12 in Fighting
 14250 | Lair:1   | Reached skill level 10 in Spellcasting
 14266 | Lair:1   | Reached XP level 13. HP: 35/103 MP: 0/0
 14266 | Lair:1   | Learned a level 5 spell: Borgnjor's Vile Clutch
 14912 | Lair:1   | Noticed Amaemon
 14916 | Lair:1   | Killed Amaemon
 15746 | Lair:2   | Reached skill level 13 in Fighting
 15749 | Lair:2   | Reached skill level 5 in Short Blades
 16104 | Lair:2   | Noticed Maggie
 16112 | Lair:2   | Killed Maggie
 16424 | Lair:2   | Noticed Sonja
 16428 | Lair:2   | Killed Sonja
 16429 | Lair:2   | Reached XP level 14. HP: 97/112 MP: 0/0
 16573 | Lair:2   | Found a staircase to the Shoals.
 16744 | Lair:2   | Noticed Fannar
 16753 | Lair:2   | Killed Fannar
 18118 | Lair:3   | Found a hole to the Spider Nest.
 18568 | Lair:4   | Reached skill level 14 in Fighting
 18724 | Lair:4   | Reached *** piety under Ashenzari
 18790 | Lair:4   | Found a viscous altar of Jiyva.
 18790 | Lair:4   | Found a staircase to the Slime Pits.
 19853 | Lair:5   | Entered Level 5 of the Lair of Beasts
 20075 | Lair:5   | HP: 2/117 [manticore/volley of spikes (10)]
 20738 | Lair:5   | Reached XP level 15. HP: 110/123 MP: 0/0
 20738 | Lair:5   | Learned a level 6 spell: Conjure Ball Lightning
 20803 | Lair:5   | Found the ring of the Octopus King {Wiz HP+2 AC+2 EV+2
                  | SH+2}
 20803 | Lair:5   | Found the ring of the Octopus King {Wiz HP+2 AC+2 EV+2
                  | SH+2}
 20861 | Lair:5   | Mangled by a cane toad

Illustrated notes

Levels and vault maps discovered:
D:1:      nzn_arrival_depleted_hourglass, layout_rooms, minmay_misc_feat_chi,
          nicolae_concentric_dashed_squares_wild, minmay_fountain_box
D:2:      layout_basic, uniq_robin
D:3:      gammafunk_steamed_eel, layout_rooms
D:4:      layout_loops_ring
D:5:      layout_loops_ring, minitemple
D:6:      layout_basic, nicolae_ru_awakened_eye
D:7:      layout_loops_ring, minmay_temple_entry_proselytizer, enter_ossuary_3,
          minivault_25, uniq_menkaure
D:8:      layout_cave_pools, lair_entry_dummy
D:9:      layout_stronghold, mainiacjoe_overflow_cross_hatched,
          minmay_fractal_squares_gapless_7, uniq_maurice, uniq_erolcha
D:10:     layout_irregular_city, mainiacjoe_overflow_catch_the_wave, orc_0_dummy
D:11:     layout_roguey, ebering_ghost_disaster_area, uniq_psyche
D:12:     layout_roguey [special_room_orc], serial_shops, shop
Temple:   hellmonk_temple_two_chambers
Lair:1:   gammafunk_indiana_jones, layout_gridlike, grunt_megastairs_3,
          uniq_amaemon, uniq_nergalle
Lair:2:   layout_cave_pods, nicolae_shoals_entry_roost, uniq_fannar,
          uniq_maggie, uniq_sonja
Lair:3:   layout_chaotic_city, nicolae_spider_entry_tight_spaces,
          serial_bayou_shore_a, serial_bayou_shore_b
Lair:4:   layout_cellular_growth, slime_entry_1, nicolae_quartered_pool_impasse,
          grunt_megastairs_4
Lair:5:   gammafunk_lair_ancient_temple, layout_regular_city,
          hangedman_lair_generics_rect

Skill      XL: |  1  2  3  4  5  6  7  8  9 10 11 12 13 14 15 |
---------------+----------------------------------------------+-----
Fighting       | 1 2 3 4 5 6 8 9 10 12 13 14 | 14.9
Spellcasting   | 4 5 6 7 8 9 10 11 12 | 12.1
Armour         | 1 2 4 5 6 |  6.2
Evocations     | 1 2 4 5 6 |  6.2
Shields        | 1 3 5 7 8 |  8.5
Short Blades   | 1 3 5 6 7 |  7.0
Dodging        | |  2.1
Stealth        | |  1.5

Action                     |  1- 3 |  4- 6 |  7- 9 | 10-12 | 13-15 || total
---------------------------+-------+-------+-------+-------+-------++-------
  Melee: Rapier            |       |       |       |     6 |     4 ||    10
   Cast: Magic Dart        |    63 |   130 |   105 |    96 |    39 ||   433
         Searing Ray       |     1 |    12 |    29 |    36 |    13 ||    91
         Dazzling Flash    |     1 |       |       |     2 |       ||     3
         Iskenderun's Myst |       |     1 |    24 |   108 |   136 ||   269
         Call Imp          |       |     1 |     1 |       |       ||     2
         Fulminant Prism   |       |     1 |    16 |    20 |    13 ||    50
         Frozen Ramparts   |       |       |     8 |     8 |       ||    16
         Freezing Cloud    |       |       |       |    34 |    43 ||    77
         Borgnjor's Vile C |       |       |       |       |    65 ||    65
         Conjure Ball Ligh |       |       |       |       |     2 ||     2
 Invoke: Curse Item        |       |       |       |     3 |     1 ||     4
  Evoke: Wand              |       |       |       |     2 |       ||     2
    Use: Scroll            |       |       |       |    15 |     2 ||    17
         Potion            |       |       |       |       |     4 ||     4
 Armour: Robe              |     5 |    10 |     1 |       |       ||    16
         Leather armour    |       |       |    20 |    19 |    30 ||    69
  Dodge: Dodged            |    14 |    17 |    39 |    17 |    21 ||   108
  Block: Kite shield       |       |       |       |    13 |    64 ||    77
         Reflection        |       |       |       |     1 |     3 ||     4
